 Dungeon Crawl Stone Soup version 0.16-a0-1167-g3157814 (webtiles) character file.

502 RobertPalmer the Cudgeler (level 7, 0/45 HPs)
             Began as an Octopode Gladiator on Oct 8, 2014.
             Shot with an arrow by a centaur (16 damage)
             ... on level 5 of the Dungeon on Oct 9, 2014.
             The game lasted 00:09:56 (3801 turns).

RobertPalmer the Cudgeler (Octopode Gladiator)      Turns: 3801, Time: 00:09:56

Health: 0/45       AC:  1    Str: 14    XL:     7   Next: 17%
Magic:  7/7        EV: 12    Int: 12    God:
Gold:   185        SH:  3    Dex: 13    Spells: 0 memorised, 6 levels left

rFire  . . .     SeeInvis .     a - +1 flail
rCold  . . .     Clarity  .     t - +0 buckler
rNeg   . . .     SustAb   .     c - +0 hat
rPois  +         Gourm    .     (no amulet)
rElec  .         Spirit   .     y - ring of poison resistance
rCorr  .         Warding  .     (no ring)
rMut   .         Stasis   .     (no ring)
MR     .....                    (no ring)
Stlth  ++........               (no ring)
                                (no ring)
                                (no ring)
                                (no ring)

@: not resistant to hostile enchantments, unstealthy
A: almost no armour, amphibious, 8 rings, constrict 8, camouflage 1, gelatinous
body 1
a: no special abilities


You were on level 5 of the Dungeon.
You were hungry.

You visited 1 branch of the dungeon, and saw 5 of its levels.

You collected 185 gold pieces.


Innate Abilities, Weirdness & Mutations

You cannot wear most types of armour.
You are amphibious.
You can wear up to eight rings at the same time.
You can use your tentacles to constrict many enemies at once.
Your skin changes colour to match your surroundings (Stealth).
Your rubbery body absorbs attacks (AC +1).


   Skills:
 - Level 2.0 Fighting
 + Level 7.4 Maces & Flails
 - Level 2.0 Throwing
 - Level 4.0 Dodging


You had 6 spell levels left.
You didn't know any spells.

Inventory:

Hand weapons
 a - a +1 flail (weapon)
 b - a +1 short sword of venom
Missiles
 d - 2 throwing nets
 x - 2 tomahawks (quivered)
Armour
 c - a +0 hat (worn)
 t - a +0 buckler (worn)
Magical devices
 s - a wand of fireball (0)
Comestibles
 f - 2 bread rations
 j - a royal jelly
 m - a meat ration
 z - a slice of pizza
Scrolls
 g - a scroll of enchant weapon
 h - a scroll of fog
 l - a scroll of teleportation
 o - 2 scrolls of remove curse
Jewellery
 p - an uncursed ring of fire
 y - a ring of poison resistance (left tentacle)
Potions
 e - a potion of heal wounds
 i - a potion of agility {unknown}
 k - a potion of cancellation {unknown}
 n - a potion of curing
 q - a potion of haste {unknown}
 v - a potion of berserk rage {unknown}
 w - a potion of cure mutation {unknown}

Dungeon Overview and Level Annotations

Branches:
Dungeon (5/15)             Temple (0/1) D:4

Altars:

. ##.. ...c.
######.#....
##...#........
#.#.(#..#.....
#...@#........
#....(.........
####.#c####.....
#...............
#....#.......!..
#.#..#..#......
#()..#.........
##(########....#
#(# #..#.## .#


You could see a centaur.


Message History

You kill the centaur!
You have reached level 7!
Things that are here:
an uncursed shortbow; 8 arrows There isn't anything to butcher here.
You start resting.
You hear the slow rusting of a drain, a long way away.
A bat skeleton comes into view.
Found a sapphire potion.
You block the bat skeleton's attack. The bat skeleton barely misses you.
You hit the bat skeleton. You grab the bat skeleton.
You constrict the bat skeleton. The bat skeleton barely misses you.
The bat skeleton hits you but does no damage. x2
You sock the bat skeleton!
You destroy the bat skeleton!
No target in view!
No target in view!
The centaur wields a shortbow.
The centaur shoots an arrow.
The arrow barely misses you.
A centaur comes into view. It is wielding a shortbow.
You see here an arrow.
You see here 21 stones.
Read which item? (? for menu, Esc to quit)
As you read the scroll labeled THRUGA TYHURAAN, it crumbles to dust.
You feel forgetful for a moment.
It was a scroll of amnesia.
The centaur shoots an arrow.
The arrow hits you!
The centaur shoots an arrow.
The arrow hits you!
* * * LOW HITPOINT WARNING * * *
The centaur shoots an arrow.
The arrow hits you!
You die...

Action                   |  1- 3 |  4- 6 |  7- 9 || total
-------------------------+-------+-------+-------++-------
Melee: Flail             |    75 |    95 |     2 ||   172
       Short sword       |       |    42 |       ||    42
Throw: Throwing net      |     1 |     1 |       ||     2
       Tomahawk          |       |     2 |       ||     2
Evoke: Wand              |       |     1 |       ||     1
  Use: Scroll            |     1 |     8 |     1 ||    10
       Potion            |       |     3 |       ||     3
 Stab: Sleeping          |     1 |     6 |       ||     7
       Held in net/web   |     1 |       |       ||     1
  Eat: Chunk             |       |     7 |       ||     7
       Pizza             |       |     1 |       ||     1

Vault maps used:
D:1:      eino_arrival_cavern_d
D:2:      first_bread, uniq_jessica
D:4:      minmay_temple_entry_statues_fountains, item_on_display_a
D:5:      overflow_temple_1_default, lemuel_crystal_altar,
          gup_sewer_entry_bubbles, hangedman_abyss_or_decor_passed,
          minmay_stone_trees_small, moated_statue

Notes
Turn   | Place    | Note
--------------------------------------------------------------
     0 | D:1      | RobertPalmer, the Octopode Gladiator, began the quest for the Orb.
     0 | D:1      | Reached XP level 1. HP: 14/14 MP: 1/1
   126 | D:1      | Reached XP level 2. HP: 17/19 MP: 2/2
   467 | D:1      | Reached skill level 4 in Maces & Flails
   487 | D:1      | Reached XP level 3. HP: 21/24 MP: 3/3
  1056 | D:2      | Reached XP level 4. HP: 27/29 MP: 4/4
  1130 | D:2      | Noticed Jessica
  1137 | D:2      | Killed Jessica
  1638 | D:3      | Reached skill level 4 in Dodging
  1641 | D:3      | Reached XP level 5. HP: 26/34 MP: 5/5
  1846 | D:3      | Reached skill level 5 in Maces & Flails
  2529 | D:3      | Reached skill level 6 in Maces & Flails
  2529 | D:3      | Reached XP level 6. HP: 22/39 MP: 6/6
  3212 | D:4      | Found a staircase to the Ecumenical Temple.
  3731 | D:4      | Upgraded the game from 0.16-a0-1157-gec61f8e to 0.16-a0-1167-g3157814
  3736 | D:5      | Entered Level 5 of the Dungeon
  3776 | D:5      | Reached skill level 7 in Maces & Flails
  3782 | D:5      | Reached XP level 7. HP: 33/45 MP: 7/7
  3801 | D:5      | Shot with an arrow by a centaur

Vanquished Creatures
  A centaur (D:5)
  A giant frog skeleton (D:4)
  2 iguanas
  An orc priest (D:3)
  An orc wizard (D:3)
  A worker ant (D:4)
  Jessica (D:2)
  10 adders
  2 gnolls (D:2)
  2 giant mites
  4 worms
  2 giant geckos
  An orc (D:3)
  3 ball pythons (D:1)
  2 bat skeletons (D:5)
  11 goblins
  10 hobgoblins
  4 jackals (D:1)
  14 kobolds
  5 quokkas
  11 bats
  5 giant cockroaches
  6 giant newts
  A goblin skeleton (D:4)
  14 rats
115 creatures vanquished.
